 Dungeon Crawl Stone Soup version 0.21.1-1-g345015f (webtiles) character file.

12271 robertstho the Protected (level 11, -2/99 HPs)
             Began as a Deep Dwarf Fighter on Mar 15, 2018.
             Was an Elder of Elyvilon.
             Slain by a freezing wraith (26 damage)
             ... led by a death knight
             ... on level 11 of the Dungeon.
             The game lasted 00:42:11 (8728 turns).

robertstho the Protected (Deep Dwarf Fighter)       Turns: 8728, Time: 00:42:11

Health: -2/99      AC: 20    Str: 19    XL:     11   Next: 60%
Magic:  19/19      EV:  7    Int: 13    God:    Elyvilon [****..]
Gold:   441        SH: 12    Dex: 19    Spells: 10/10 levels left

rFire    . . .     SeeInvis .   p - +5 rapier of Supply {flame, +Rage rElec rPois Dex-2}
rCold    x . .     Gourm    .   c - +0 shield
rNeg     . . .     Faith    .   B - +0 plate armour
rPois    +         Spirit   .   l - +1 hat
rElec    +         Reflect  .   C - +2 cloak of Vanity {rC- Int+3 Dex+6}
rCorr    .         Harm     .   t - +0 pair of gloves
MR       +....                  (no boots)
Stlth    ..........             (no amulet)
HPRegen  0.00/turn              o - ring of magical power
MPRegen  0.16/turn              (no ring)

@: berserk cooldown, very slightly contaminated, non-regenerating, slowed,
invisible (expiring), very slow
A: damage resistance, heal wounds, sense surroundings 2, no regeneration
a: Heal Wounds, Lesser Healing, Heal Other, Purification, Greater Healing,
Divine Protection, Renounce Religion, Evoke Berserk Rage


You were on level 11 of the Dungeon.
You worshipped Elyvilon.
Elyvilon was greatly pleased with you.
You were hungry.

You visited 2 branches of the dungeon, and saw 12 of its levels.
You also visited: Sewer and Ossuary.

You collected 686 gold pieces.
You spent 245 gold pieces at shops.

Inventory:

Hand Weapons
 a - a +0 war axe
 b - a +0 broad axe
 p - the +5 rapier of Supply (weapon) {flame, +Rage rElec rPois Dex-2}
   (You found it on level 5 of the Dungeon)

   It has been specially enchanted to burn those struck by it, causing extra
   injury to most foes and up to half again as much damage against particularly
   susceptible opponents.
   It affects your dexterity (-2).
   It insulates you from electricity.
   It protects you from poison.
   It lets you go berserk.
 u - a +0 hand axe of electrocution
 E - a +0 dagger
 Q - a +1 flail of protection
 T - a +0 hand crossbow
Missiles
 U - 35 bolts
Armour
 c - a +0 shield (worn)
 l - a +1 hat (worn)
 t - a +0 pair of gloves (worn)
 B - a +0 plate armour (worn)
 C - the +2 cloak of Vanity (worn) {rC- Int+3 Dex+6}
   (You found it on level 5 of the Dungeon)

   It affects your intelligence (+3).
   It affects your dexterity (+6).
   It makes you vulnerable to cold.
Jewellery
 o - a ring of magical power (left hand)
 v - an uncursed ring of positive energy
 w - an uncursed ring of protection from cold
 L - the ring of Diaxt {Wiz rElec Str+5 Int+4, unknown}
   (You took it off an orc on level 11 of the Dungeon)

   [ring of wizardry]

   It improves your spell success rate.
   It affects your strength (+5).
   It affects your intelligence (+4).
   It insulates you from electricity.
 S - a +3 ring of evasion {unknown}
 Y - an uncursed ring of flight {unknown}
 Z - an uncursed amulet of guardian spirit
Wands
 x - a wand of disintegration (18)
 G - a wand of polymorph (10)
 H - a wand of paralysis (22)
 V - a wand of iceblast (22)
Scrolls
 e - 4 scrolls of remove curse
 i - a scroll of fear {unknown}
 j - 6 scrolls of teleportation
 m - 5 scrolls of amnesia {unknown}
 n - 2 scrolls of fog
 y - 2 scrolls of blinking {unknown}
 D - a scroll of magic mapping {unknown}
 I - a scroll of enchant armour {unknown}
 K - 2 scrolls of random uselessness {unknown}
 M - a scroll of enchant weapon {unknown}
 N - 4 scrolls of noise {unknown}
 P - a scroll of identify
 R - a scroll of acquirement {unknown}
 X - a scroll of immolation {unknown}
Potions
 d - a potion of might
 g - 3 potions of flight
 h - 6 potions of brilliance
 k - a potion of mutation
 q - 2 potions of agility
 r - 7 potions of curing
 s - 3 potions of heal wounds
 A - 2 potions of resistance
 F - 2 potions of cancellation
 J - a potion of magic {unknown}
 O - 2 potions of lignification
Comestibles
 f - 24 rations
 W - 3 chunks of flesh


   Skills:
 * Level 6.8 Fighting
 + Level 8.6 Short Blades
 + Level 8.0 Axes
 * Level 9.9 Armour
 + Level 2.6 Dodging
 + Level 2.9 Stealth
 + Level 9.7 Shields
 + Level 3.8 Invocations
 + Level 2.2 Evocations


You had 10 spell levels left.
You didn't know any spells.

Dungeon Overview and Level Annotations

Branches:
Dungeon (11/15)            Temple (1/1) D:4            Lair (0/6) D:10
    Orc (0/2) D:11

Altars:
Ashenzari
Cheibriados
Dithmenos
Elyvilon
Fedhas
Gozag
Hepliaklqana
Kikubaaqudgha
Makhleb
Nemelex Xobeh
Okawaru
Qazlal
Ru
Sif Muna
Trog
Uskayaw
Vehumet
Wu Jian
Xom
Yredelemnul
Zin
The Shining One

Shops:
D:6 (   D:8 }(   D:11 :


Innate Abilities, Weirdness & Mutations

You are resistant to damage.
You can heal yourself by infusing magical energy.
You passively map the area around you.
You do not regenerate.


Message History

Things that are here:
a short sword; a dagger; 2 stones
Things that are here:
a stone; a yak corpse You strike the helpless death knight from behind!
You puncture the death knight! You burn the death knight.
The death knight is severely wounded.
You puncture the freezing wraith! You burn the freezing wraith.
The freezing wraith is moderately damaged.
You feel less vulnerable to hostile enchantments.
You hit the freezing wraith but do no damage.
You flicker for a moment.
The freezing wraith hits you but does no damage. x2
You block the freezing wraith's attack. x2
Your plate armour prevents you from hitting the freezing wraith.
The freezing wraith is moderately damaged.
You block the freezing wraith's attack. x2; The freezing wraith hits you.
* * * LOW HITPOINT WARNING * * *
The freezing wraith freezes you!!
You feel a terrible chill!
You die...

, ,≈ ≈≈ ≈ , * , , , ,
≈§§§.... *,,,, #...,, ,
§§§≈... *, ,#..., ....... ,
* * * #.%%. ....... , * *
..... ,....... , *, , ,* *
, ...... * ......., , , ,
......####....... , *
..>......'W@†.......,... ,
,
##.........#W##########...
, ,+
...........#p.............
* ,*
#.........#..............,
#.........#............#,,,
,
#........W#†...........#.,
#.........#..............,,
#.......W.†.............# *
*#........###............#
*


You could see a death knight and 2 freezing wraiths.

Vanquished Creatures
  3 two-headed ogres
  3 death yaks (D:10)
  A phantasmal warrior (D:11)
  A troll (D:11)
  A hornet (D:11)
  2 hippogriffs
  2 wyverns
  A shadow (D:11)
  6 yaks (D:11)
  A human (D:10)
  A hungry ghost (D:9)
  2 water moccasins
  4 orc warriors
  2 black bears
  2 phantoms
  A sky beast (D:5)
  4 centaurs
  A crocodile (D:10)
  7 ogres
  6 big kobolds
  4 bullfrogs
  A wyvern skeleton (D:7)
  4 scorpions
  12 killer bees
  4 wights (D:11)
  4 howler monkeys
  2 centaur zombies
  4 crimson imps
  5 hounds
  2 bullfrog zombies
  A gnoll shaman (D:8)
  7 orc priests
  2 jellies
  10 orc wizards
  Jessica (D:2)
  Ijyb (D:3)
  5 iguanas
  5 worker ants
  13 mummies (Ossuary)
  A worker ant zombie (D:10)
  5 gnolls (D:8)
  16 adders
  2 shadow imps
  An ooze (D:3)
  An adder skeleton (D:6)
  An adder zombie (D:7)
  5 worms
  2 dart slugs (D:2)
  4 leopard geckos
  59 orcs
  13 bats
  7 giant cockroaches
  7 goblins
  9 hobgoblins
  4 jackals (D:4)
  5 quokkas
  3 ball pythons (Sewer)
  A ball python skeleton (D:6)
  4 frilled lizards
  3 gnoll skeletons (Ossuary)
  25 kobolds
  4 kobold skeletons (Ossuary)
  3 leopard gecko zombies
  An orc skeleton (Ossuary)
  8 rats
  11 rat skeletons (Ossuary)
343 creatures vanquished.

Notes
Turn   | Place    | Note
-------+----------+-------------------------------------------
     0 | D:1      | robertstho the Deep Dwarf Fighter began the quest for the Orb.
     0 | D:1      | Reached XP level 1. HP: 20/20 MP: 1/1
   122 | D:1      | Reached XP level 2. HP: 26/28 MP: 2/2
   748 | D:2      | Found a glowing silver altar of Zin.
   778 | D:2      | Noticed Jessica
   783 | D:2      | Killed Jessica
   783 | D:2      | Reached XP level 3. HP: 32/34 MP: 3/3
  1130 | D:2      | Reached XP level 4. HP: 36/42 MP: 4/4
  1731 | D:3      | Found a shadowy altar of Dithmenos.
  1756 | D:3      | Found a glowing drain.
  1790 | Sewer    | Entered a sewer
  1816 | Sewer    | Noticed a big kobold
  1821 | Sewer    | Reached skill level 1 in Dodging
  1828 | Sewer    | Killed a big kobold
  1828 | Sewer    | Reached XP level 5. HP: 44/49 MP: 5/5
  1961 | Sewer    | Reached XP level 6. HP: 37/56 MP: 6/6
  2042 | Sewer    | Reached skill level 5 in Axes
  2336 | D:3      | Reached XP level 7. HP: 31/63 MP: 7/7
  2520 | D:3      | Noticed Ijyb
  2532 | D:3      | Reached skill level 5 in Armour
  2539 | D:3      | Killed Ijyb
  2768 | D:4      | Found a hide-covered altar of Uskayaw.
  2896 | D:4      | Reached skill level 5 in Shields
  2965 | D:4      | Found a staircase to the Ecumenical Temple.
  2974 | Temple   | Entered the Ecumenical Temple
  3171 | Temple   | Became a worshipper of Elyvilon the Healer
  3681 | D:5      | Entered Level 5 of the Dungeon
  3734 | D:5      | Reached XP level 8. HP: 58/72 MP: 7/7
  3763 | D:5      | Reached skill level 1 in Stealth
  3822 | D:5      | Reached * piety under Elyvilon
  4002 | D:5      | Got an encrusted cloak
  4008 | D:5      | Identified the +2 cloak of Vanity {rC- Int+3 Dex+6} (You found it on level 5 of the Dungeon)
  4234 | D:5      | Got a polished rapier
  4555 | D:6      | Found a blossoming altar of Fedhas.
  4596 | D:6      | Reached ** piety under Elyvilon
  4693 | D:6      | Found Zaytzopp's Antique Weapon Shoppe.
  4710 | D:6      | Bought a broad axe for 140 gold pieces
  4856 | D:6      | Identified the +5 rapier of Supply {flame, +Rage rElec rPois Dex-2} (You found it on level 5 of the Dungeon)
  5170 | D:7      | Reached skill level 1 in Short Blades
  5170 | D:7      | Gained mutation: You passively map the area around you. [Deep Dwarf growth]
  5170 | D:7      | Reached XP level 9. HP: 53/79 MP: 7/7
  5184 | D:7      | Found a sand-covered staircase.
  5194 | Ossuary  | Entered an ossuary
  5632 | D:7      | Reached skill level 1 in Invocations
  5633 | D:7      | Found a basalt altar of Yredelemnul.
  5778 | D:7      | Noticed a two-headed ogre
  5862 | D:7      | Killed a two-headed ogre
  5920 | D:7      | Found a shattered altar of Ashenzari.
  5933 | D:7      | Reached skill level 5 in Fighting
  6059 | D:7      | Reached *** piety under Elyvilon
  6141 | D:8      | Found Tyergh's Gadget Boutique.
  6215 | D:8      | Found a glowing golden altar of the Shining One.
  6221 | D:8      | Reached XP level 10. HP: 79/88 MP: 8/8
  6257 | D:8      | Reached skill level 5 in Short Blades
  6421 | D:8      | Found a sparkling altar of Nemelex Xobeh.
  6453 | D:8      | Found Myvofac's Antique Weapon Emporium.
  6538 | D:8      | Bought a hand crossbow for 105 gold pieces
  6781 | D:8      | Identified the Handbook of Dusty Necromancy
  6977 | D:9      | Reached **** piety under Elyvilon
  7403 | D:9      | Noticed a two-headed ogre
  7411 | D:9      | Killed a two-headed ogre
  7608 | D:10     | Entered Level 10 of the Dungeon
  7647 | D:10     | Noticed a death yak
  7650 | D:10     | Found a staircase to the Lair.
  7650 | D:10     | Noticed a death yak
  7650 | D:10     | Noticed a death yak
  7673 | D:10     | Killed a death yak
  7673 | D:10     | Reached skill level 1 in Evocations
  7685 | D:10     | Killed a death yak
  7698 | D:10     | Killed a death yak
  7698 | D:10     | Reached XP level 11. HP: 75/97 MP: 3/10
  7843 | D:10     | Noticed a two-headed ogre
  7851 | D:10     | Killed a two-headed ogre
  8145 | D:10     | Reached ***** piety under Elyvilon
  8444 | D:11     | Got a coiled tin ring
  8477 | D:11     | Found Haore's Book Emporium.
  8514 | D:11     | Noticed a phantasmal warrior
  8515 | D:11     | Noticed a death knight
  8711 | D:11     | Killed a phantasmal warrior
  8713 | D:11     | HP: 6/148 [death knight/enchanted battleaxe (14)]
  8728 | D:11     | Slain by a freezing wraith

Skill      XL: |  1  2  3  4  5  6  7  8  9 10 11 |
---------------+----------------------------------+-----
Fighting       | 3 4 5 6 |  6.8
Armour         | 4 5 6 8 9 |  9.9
Axes           | 3 4 5 6 7 8 |  8.0
Dodging        | 1 2 |  2.6
Shields        | 4 5 6 7 9 |  9.7
Stealth        | 2 |  2.9
Short Blades   | 1 4 7 8 |  8.6
Invocations    | 2 3 |  3.8
Evocations     | 1 2 |  2.2

Action                   |  1- 3 |  4- 6 |  7- 9 | 10-12 || total
-------------------------+-------+-------+-------+-------++-------
Melee: War axe           |    91 |   196 |       |       ||   287
       Hand axe          |       |    10 |   217 |       ||   227
       Broad axe         |       |       |    42 |       ||    42
       Rapier            |       |       |   261 |   452 ||   713
Invok: Lesser Healing    |       |       |    32 |    26 ||    58
 Abil: Heal Wounds       |       |     3 |    14 |     2 ||    19
       Evoke Berserk Rag |       |       |       |     5 ||     5
  Use: Scroll            |       |       |     9 |     7 ||    16
       Potion            |       |       |     3 |     5 ||     8
 Stab: Distracted        |       |       |       |     1 ||     1
       Invisible         |       |       |       |     1 ||     1
  Eat: Chunk             |     1 |     4 |    15 |    17 ||    37
       Ration            |       |       |     1 |     1 ||     2
Armor: Scale mail        |    64 |    77 |       |       ||   141
       Chain mail        |       |     5 |    33 |       ||    38
       Plate armour      |       |       |   211 |   224 ||   435
Dodge: Dodged            |    43 |    66 |    84 |   118 ||   311
Block: Shield            |    56 |   114 |   265 |   284 ||   719
